 Dungeon Crawl Stone Soup version 0.18.1-8-gdd0e5ea (webtiles) character file.

47 imganon the Chopper (level 3, 0/29 HPs)
             Began as a Demonspawn Berserker on May 22, 2016.
             Was a Believer of Trog.
             Succumbed to an adder's poison
             ... on level 2 of the Dungeon.
             The game lasted 00:01:47 (1124 turns).

imganon the Chopper (Demonspawn Berserker)          Turns: 1124, Time: 00:01:47

Health: 0/29       AC:  2    Str: 18    XL:     3   Next: 48%
Magic:  3/3        EV: 10    Int:  8    God:    Trog [**....]
Gold:   79         SH:  0    Dex: 12    Spells: 0 memorised, 2 levels left

rFire  . . .     SeeInvis +     a - +0 hand axe
rCold  . . .     Gourm    +     b - +0 animal skin
rNeg   . . .     Faith    .     (no shield)
rPois  .         Spirit   .     (no helmet)
rElec  .         Dismiss  .     (no cloak)
rCorr  .         Reflect  .     (no gloves)
SustAt .         Harm     .     (no boots)
MR     .....                    h - amulet of the gourmand
Stlth  +.........               d - ring of see invisible
                                j - -2 ring of evasion (curse)

@: lethally poisoned (0 -> -2), exhausted, slowed, very slow, not resistant to
hostile enchantments, very unstealthy
A: foul stench 1, rot immunity
a: Berserk, Trog's Hand, Burn Spellbooks, Renounce Religion


You were on level 2 of the Dungeon.
You worshipped Trog.
Trog was pleased with you.
You were very full.

You visited 1 branch of the dungeon, and saw 2 of its levels.

You collected 79 gold pieces.

Inventory:

Hand Weapons
 a - a +0 hand axe (weapon)
Armour
 b - a +0 animal skin (worn)
Jewellery
 d - a ring of see invisible (right hand)
 h - an amulet of the gourmand (around neck)
 j - a cursed -2 ring of evasion (left hand)
Scrolls
 k - 3 scrolls of identify
Potions
 f - a potion of curing
 g - 2 potions of heal wounds {unknown}
Comestibles
 c - 3 bread rations
 i - 3 meat rations


   Skills:
 - Level 3.0 Fighting
 + Level 4.1 Axes
 - Level 1.7 Armour
 - Level 1.7 Dodging


You had 2 spell levels left.
You didn't know any spells.

Dungeon Overview and Level Annotations

Branches:
Dungeon (2/15)

Altars:


Innate Abilities, Weirdness & Mutations

You may emit foul miasma when damaged in melee.
You are immune to rotting.


Message History

The worm is severely wounded.
The worm bites you!
* * * LOW HITPOINT WARNING * * *
Unknown command.
You are too injured to fight recklessly!
You are too injured to fight recklessly!
You are too injured to fight recklessly!
Unknown command.
You slash the worm!
You kill the worm!
Trog accepts your kill.
Unknown command.
You are too berserk!
Unknown command.
Unknown command.
You feel a strong urge to attack something.
You feel your anger subside.
You are no longer berserk.
You are exhausted.
You feel yourself slow down.
You die...

#...# ###.....
###...# ...#...
#.....# ##..#...
#.....# ##.......
#..††.# #........
#.#.#.# #...#....
#.....# #........
#.#.#.# #..####..
##@....####....##..
#..........#.##....>
#.########.#...<###.
#. #.###..#... #
#...#..#.##
###.##.#.##
#....#(## ####.#.#
#...#


There were no monsters in sight!

Vanquished Creatures
  An adder (D:2)
  An adder zombie (D:1)
  2 worms (D:2)
  2 giant geckos (D:1)
  3 giant cockroaches (D:1)
  3 goblins (D:1)
  2 hobgoblins (D:1)
  2 jackals (D:1)
  A kobold (D:1)
  4 bats (D:1)
  A giant cockroach zombie (D:1)
  2 giant newts (D:1)
  3 rats (D:1)
27 creatures vanquished.

Notes
Turn   | Place    | Note
--------------------------------------------------------------
     0 | D:1      | imganon the Demonspawn Berserker began the quest for the Orb.
     0 | D:1      | Reached XP level 1. HP: 18/18 MP: 1/1
   131 | D:1      | Reached skill level 3 in Axes
   166 | D:1      | Gained mutation: You are immune to rotting. [demonic ancestry]
   166 | D:1      | Reached XP level 2. HP: 13/24 MP: 2/2
   689 | D:1      | Gained mutation: You may emit foul miasma when damaged in melee. [demonic ancestry]
   689 | D:1      | Reached XP level 3. HP: 20/29 MP: 3/3
   876 | D:2      | Reached ** piety under Trog
  1118 | D:2      | Reached skill level 4 in Axes
  1119 | D:2      | HP: 1/43 [worm (12)]
  1124 | D:2      | Succumbed to an adder's poison

Skill      XL: |  1  2  3 |
---------------+----------+-----
Axes           | 3 4 |  4.1
Fighting       | |  3.0
Armour         | |  1.7
Dodging        | |  1.7

Action                   || total
-------------------------++-------
Melee: Hand axe          ||    93
Invok: Berserk           ||     1
  Use: Scroll            ||     4
  Eat: Chunk             ||    12
Armor: Animal skin       ||    24
Dodge: Dodged            ||    44
